[Event "Titled Tuesday Blitz January 17 Early 2023"]
[White "Le Ruyet, Leopold"]
[Black "Vlassov, Nikolai"]
[WhiteFideId "645923"]
[BlackFideId "4103360"]
[WhiteElo "2245"]
[BlackElo "2283"]
[Result "0-1"]
[Round "09"]
[TimeControl "180+2"]
[Date "2023.01.17"]
[WhiteClock "0:00:02"]
[BlackClock "0:00:12"]

1. e4 c5 2. Nc3 g6 3. d4 cxd4 4. Qxd4 Nf6 5. Be3 Nc6 6. Qd2 Ng4 7. Bg5 h6 8. Bh4 Bg7 9. f3 Nf6 10. O-O-O d6 11. g4 Be6 12. Nge2 Ne5 13. Nd4 Bc4 14. f4 Bxf1 15. Rhxf1 Nc4 16. Qe2 Rc8 17. e5 dxe5 18. fxe5 Qb6 19. Nb3 Nd7 20. Nd5 Qa6 21. Kb1 g5 22. Qf2 Ndxe5 23. Bg3 Qg6 24. Ka1 Nxb2 25. c3 Nxd1 26. Rxd1 e6 27. Ne3 O-O 28. h4 gxh4 29. Bxh4 Nxg4 30. Nxg4 Bxc3+ 0-1


[Site "https://www.chess.com"]

[Event "Titled Tuesday Blitz January 17 Early 2023"]
[White "Belozerov, Andrei"]
[Black "Bosnjak, Petar"]
[WhiteFideId "4120213"]
[BlackFideId "14532581"]
[WhiteElo "2461"]
[BlackElo "2337"]
[Result "0-1"]
[Round "09"]
[TimeControl "180+2"]
[Date "2023.01.17"]
[WhiteClock "0:00:13"]
[BlackClock "0:00:57"]

1. d4 d5 2. c4 c6 3. Nf3 Nf6 4. g3 Bg4 5. Ne5 Bf5 6. cxd5 cxd5 7. Nc3 e6 8. Qb3 Qb6 9. Qxb6 axb6 10. e3 Nc6 11. Bb5 Rc8 12. Bd2 Bd6 13. Nd3 Ke7 14. Ke2 h5 15. f3 g5 16. Nf2 g4 17. Na4 gxf3+ 18. Kxf3 Ne4 19. Ke2 Na7 20. Bd3 Nxf2 21. Bxf5 Nxh1 22. Bd3 Nxg3+ 23. hxg3 Bxg3 24. Nxb6 Rcg8 25. a4 Nc6 26. b4 Bd6 27. b5 Rg2+ 28. Ke1 Bb4 29. bxc6 Rxd2 30. Rb1 Rb2+ 31. Kd1 Rxb1+ 32. Bxb1 bxc6 0-1


[Site "https://www.chess.com"]

[Event "Titled Tuesday Blitz January 17 Early 2023"]
[White "UnknownMagician"]
[Black "Salman, Pavel"]
[BlackFideId "24153753"]
[WhiteElo "2637"]
[BlackElo "2287"]
[Result "0-1"]
[Round "09"]
[TimeControl "180+2"]
[Date "2023.01.17"]
[WhiteClock "0:00:03"]
[BlackClock "0:00:17"]

1. c4 c5 2. Nf3 Nf6 3. g3 b6 4. Bg2 Bb7 5. O-O e6 6. Nc3 Be7 7. b3 O-O 8. Bb2 a6 9. d4 cxd4 10. Qxd4 d6 11. Rad1 Nbd7 12. Rfe1 Qb8 13. Bh3 Ra7 14. Ng5 h6 15. Nge4 Nc5 16. Nxf6+ Bxf6 17. Qxd6 Qc8 18. Qd2 Ba8 19. b4 Qc6 20. f3 Rd7 21. Qc1 Nb7 22. Rxd7 Qxd7 23. Ne4 Bxb2 24. Qxb2 Nd6 25. Qd4 Bxe4 26. fxe4 Qc6 27. Rc1 Qxe4 28. Qxe4 Nxe4 29. Bg2 Nd6 30. c5 bxc5 31. bxc5 Rc8 32. Kf2 Rc7 33. Ke3 Nf5+ 34. Ke4 Kf8 35. g4 Nd6+ 36. Ke5 Nc8 37. c6 Ke7 38. Rd1 Na7 39. Rc1 f6+ 40. Kd4 Kd6 41. Rd1 Nxc6+ 42. Ke3+ Ke7 43. Rc1 Kd7 44. Rd1+ Ke7 45. Rc1 Kd6 46. Rd1+ Kc5 47. Rc1+ Kb6 48. Rb1+ Ka7 49. Rc1 Kb7 50. Rb1+ Kc8 51. Rc1 Ne7 52. Rd1 Rd7 53. Rb1 Nd5+ 54. Ke4 Nc3+ 0-1


[Site "https://www.chess.com"]

[Event "Titled Tuesday Blitz January 17 Early 2023"]
[White "Ansh M Shah"]
[Black "Dehtiarov, Roman"]
[WhiteFideId "25033379"]
[BlackFideId "14186640"]
[WhiteElo "2171"]
[BlackElo "2289"]
[Result "0-1"]
[Round "09"]
[TimeControl "180+2"]
[Date "2023.01.17"]
[WhiteClock "0:00:02"]
[BlackClock "0:00:03"]

1. d4 Nf6 2. c4 e6 3. g3 d5 4. Bg2 c6 5. Nd2 Be7 6. Ngf3 O-O 7. O-O a6 8. Qc2 Nbd7 9. e4 dxe4 10. Nxe4 Nxe4 11. Qxe4 Nf6 12. Qe2 h6 13. Rd1 Qc7 14. Bf4 Bd6 15. Bxd6 Qxd6 16. Rac1 Bd7 17. Qe5 Qe7 18. Nh4 Rfe8 19. Nf3 Rad8 20. Qc7 Bc8 21. Qb6 Nd7 22. Qb3 c5 23. d5 exd5 24. cxd5 b5 25. a4 c4 26. Qc3 Nc5 27. axb5 axb5 28. Nd4 Bg4 29. Nc6 Qd6 30. f3 Bf5 31. Nxd8 Rxd8 32. f4 Nb3 33. h3 Nxc1 34. Rxc1 Qc5+ 35. Kh2 Re8 36. Re1 Rd8 37. Qe5 Bd3 38. d6 Qxd6 39. Qxb5 c3 40. Re8+ Kh7 41. Rxd8 Qxd8 42. Qb4 c2 43. Be4+ Kg8 44. Qd2 Qd4 45. Bxd3 Qxd3 46. Qxd3 c1=Q 47. Qd8+ Kh7 48. Qd3+ g6 49. Qe2 Qb1 50. Qf2 Kg7 51. g4 h5 52. gxh5 gxh5 53. Kg3 Qg6+ 54. Kf3 Qd3+ 55. Qe3 Qd5+ 56. Qe4 Qd1+ 57. Kg2 Qd2+ 58. Kf3 Qxb2 59. Qe5+ Qxe5 60. fxe5 f6 0-1


[Site "https://www.chess.com"]

[Event "Titled Tuesday Blitz January 17 Early 2023"]
[White "Klose, Eli"]
[Black "Balabayeva, Xeniya"]
[WhiteFideId "16242955"]
[BlackFideId "13719688"]
[WhiteElo "1519"]
[BlackElo "2191"]
[Result "1-0"]
[Round "09"]
[TimeControl "180+2"]
[Date "2023.01.17"]
[WhiteClock "0:01:41"]
[BlackClock "0:00:01"]

1. e4 c5 2. Nc3 Nc6 3. g3 g6 4. Bg2 Bg7 5. d3 e6 6. Be3 d6 7. Qd2 Nge7 8. Bh6 Bxh6 9. Qxh6 Ng8 10. Qd2 h5 11. h3 h4 12. g4 g5 13. Nge2 e5 14. Nd5 Be6 15. Ne3 Qf6 16. c3 Nge7 17. b3 O-O 18. Rd1 Ng6 19. d4 cxd4 20. cxd4 exd4 21. Nxd4 Rad8 22. O-O Nf4 23. Ndf5 Ne5 24. Qb4 Bc8 25. Rxd6 Rxd6 26. Qxd6 Qxd6 27. Nxd6 Rd8 28. Ndf5 Rd2 29. Ne7+ Kf8 30. Nxc8 Rxa2 31. Nd6 b6 32. Ndc4 Ned3 33. Nd5 Ne2+ 34. Kh2 Nd4 35. f4 gxf4 36. Nxf4 Nxf4 37. Rxf4 Ke7 38. b4 b5 39. Ne5 1-0


[Site "https://www.chess.com"]

[Event "Titled Tuesday Blitz January 17 Early 2023"]
[White "Maksimenko, Viktor"]
[Black "Kvaloy, Aksel Bu"]
[WhiteFideId "13710478"]
[BlackFideId "1528815"]
[WhiteElo "2196"]
[BlackElo "2321"]
[Result "0-1"]
[Round "09"]
[TimeControl "180+2"]
[Date "2023.01.17"]
[WhiteClock "0:00:16"]
[BlackClock "0:01:04"]

1. d4 Nf6 2. c4 e6 3. Nf3 d5 4. g3 dxc4 5. Bg2 c6 6. O-O b5 7. Ne5 Bb7 8. b3 cxb3 9. Qxb3 Qxd4 10. Bb2 Qb4 11. Qc2 Qc5 12. Qd3 Be7 13. Rc1 Qd6 14. Qb3 O-O 15. a4 a6 16. Na3 Nd5 17. e4 Nb6 18. a5 Na4 19. Nac4 Qc7 20. Rxa4 bxa4 21. Qxa4 Bf6 22. Rb1 c5 23. Qb3 Nc6 24. Nxc6 Bxb2 25. Qxb2 Bxc6 26. Qa3 Bb5 27. Rc1 Bxc4 28. Rxc4 Rac8 29. Bf3 Rfd8 30. Be2 Rd4 31. Rxd4 cxd4 32. Bxa6 Qc1+ 33. Qxc1 Rxc1+ 34. Kg2 Ra1 0-1


[Site "https://www.chess.com"]

[Event "Titled Tuesday Blitz January 17 Early 2023"]
[White "Musovic, Armin"]
[Black "Pfreundt, Jakob"]
[WhiteFideId "939935"]
[BlackFideId "12918156"]
[WhiteElo "2261"]
[BlackElo "2407"]
[Result "1/2-1/2"]
[Round "09"]
[TimeControl "180+2"]
[Date "2023.01.17"]
[WhiteClock "0:00:14"]
[BlackClock "0:00:04"]

1. a3 g6 2. Nc3 Bg7 3. e4 c6 4. Bc4 d6 5. d3 Nf6 6. Ba2 d5 7. Bg5 O-O 8. f3 h6 9. Bh4 Be6 10. Nge2 dxe4 11. Bxe6 exf3 12. gxf3 fxe6 13. Qd2 Nd5 14. O-O-O Nd7 15. d4 Nxc3 16. Nxc3 e5 17. d5 Nf6 18. Qd3 g5 19. Qc4 Kh8 20. dxc6 Qc7 21. Bg3 Qxc6 22. Qxc6 bxc6 23. Bxe5 Nh5 24. Bxg7+ Kxg7 25. Rhe1 Rae8 26. Re6 Rf6 27. Re3 Nf4 28. Ne4 Re6 29. b4 Nd5 30. Red3 Nf6 31. Nc5 Re2 32. R1d2 Rxd2 33. Rxd2 Kf7 34. Kb2 Nd5 35. Kb3 e5 36. c4 Nf4 37. a4 Re7 38. a5 h5 39. b5 cxb5 40. cxb5 Ne6 41. Nxe6 Kxe6 42. Kc4 Rc7+ 43. Kb4 g4 44. b6 axb6 45. axb6 Rc1 46. fxg4 hxg4 47. Kb5 Rb1+ 48. Kc6 Rc1+ 49. Kb5 Rb1+ 50. Ka6 Ra1+ 51. Kb7 e4 52. Kc8 Rc1+ 53. Kb8 Rb1 54. b7 Ke5 55. Ra2 e3 56. Ka7 Kf4 57. b8=Q+ Rxb8 58. Kxb8 Kf3 59. Ra6 e2 60. Rf6+ Kg2 61. Re6 Kf2 62. Rf6+ Kg2 63. Re6 Kf2 64. Rf6+ Kg1 65. Re6 Kf1 66. Rf6+ Kg2 1/2-1/2


[Site "https://www.chess.com"]

[Event "Titled Tuesday Blitz January 17 Early 2023"]
[White "Bettalli, Francesco"]
[Black "Williams, Simon K"]
[WhiteFideId "2816453"]
[BlackFideId "404454"]
[WhiteElo "2252"]
[BlackElo "2465"]
[Result "1-0"]
[Round "09"]
[TimeControl "180+2"]
[Date "2023.01.17"]
[WhiteClock "0:00:04"]
[BlackClock "0:00:01"]

1. d4 e6 2. c4 b6 3. Nc3 Bb7 4. f3 Bb4 5. e4 f5 6. exf5 Nh6 7. Bd3 Qh4+ 8. g3 Qxd4 9. Bxh6 gxh6 10. fxe6 Bxc3+ 11. bxc3 Qxc3+ 12. Kf1 dxe6 13. Rc1 Qf6 14. Kg2 Nd7 15. Qe2 Nc5 16. Bb1 O-O-O 17. Rf1 Qc3 18. Rf2 Rhf8 19. Nh3 e5 20. Rhf1 Ne6 21. Be4 Nd4 22. Bxb7+ Kxb7 23. Qe4+ Kb8 24. Qxe5 Qxc4 25. Nf4 Rde8 26. Qh5 Nf5 27. Kg1 Qd4 28. Rc1 Qe3 29. Rf1 Nd4 30. Kg2 Nf5 31. Re2 Qc5 32. Rxe8+ Rxe8 33. Qxe8+ Kb7 34. Qe4+ Kb8 35. Rf2 Ne3+ 36. Kh3 a5 37. Re2 Nf5 38. Nd5 Nd6 39. Qe6 Kb7 40. g4 Qc4 41. Nf6 Qc3 42. Qd5+ Ka7 43. Re6 a4 44. Kg3 h5 45. Nxh5 Qc1 46. Nf4 Qg1+ 47. Ng2 Qc1 48. Rxd6 cxd6 49. Qxd6 a3 50. Qe7+ Ka6 51. Qxh7 Qb2 52. Qd3+ Ka5 53. Ne3 Qxa2 54. Nc4+ Kb4 55. Nxb6 Qb2 56. Nd5+ Kc5 57. Nc3 Kb4 58. Qd4+ Kb3 59. Nb5 a2 60. Qd5+ Kb4 61. Nd4 a1=Q 62. Qb5+ Kc3 63. Ne2+ Kd2 64. Nf4 Qg1+ 65. Kh4 Qxh2+ 66. Kg5 Qg7+ 67. Ng6 1-0


[Site "https://www.chess.com"]

[Event "Titled Tuesday Blitz January 17 Early 2023"]
[White "Kukula, Pawel"]
[Black "Korchmar, Vasiliy"]
[WhiteFideId "1115081"]
[BlackFideId "24131750"]
[WhiteElo "2135"]
[BlackElo "2438"]
[Result "0-1"]
[Round "09"]
[TimeControl "180+2"]
[Date "2023.01.17"]
[WhiteClock "0:00:07"]
[BlackClock "0:00:41"]

1. c4 c6 2. Nf3 d5 3. e3 Nf6 4. Nc3 e6 5. b3 Bd6 6. Bb2 O-O 7. Qc2 e5 8. cxd5 cxd5 9. Nb5 Nc6 10. Nxd6 Qxd6 11. Rc1 Bg4 12. Bb5 Rac8 13. h3 Nd4 14. Nxd4 Rxc2 15. Nxc2 Bd7 16. Ba3 Qb6 17. Bxd7 Nxd7 18. Bxf8 Kxf8 19. O-O Nc5 20. d4 Nd3 21. Rcd1 e4 22. Ne1 Nb4 23. a3 Na2 24. b4 Nc3 25. Rd2 Qa6 26. f4 Qxa3 27. Nc2 Qb2 28. Kh2 b6 0-1


[Site "https://www.chess.com"]

[Event "Titled Tuesday Blitz January 17 Early 2023"]
[White "Mamedov, Edgar"]
[Black "Kochetov, Andrey"]
[WhiteFideId "13739980"]
[BlackFideId "24130532"]
[WhiteElo "2193"]
[BlackElo "2165"]
[Result "1/2-1/2"]
[Round "09"]
[TimeControl "180+2"]
[Date "2023.01.17"]
[WhiteClock "0:00:10"]
[BlackClock "0:00:10"]

1. Nf3 Nf6 2. c4 e6 3. Nc3 d5 4. e3 Be7 5. b3 O-O 6. Bb2 b6 7. cxd5 exd5 8. Be2 c5 9. d4 Nc6 10. O-O Re8 11. Rc1 Be6 12. dxc5 bxc5 13. Na4 Nd7 14. Bb5 Rc8 15. Bxc6 Rxc6 16. Nd4 Rc8 17. Nxe6 fxe6 18. Qe2 Qa5 19. Bc3 Qc7 20. Qa6 Qd6 21. Qxd6 Bxd6 22. Rfd1 Nb6 23. Nb2 e5 24. Ba5 d4 25. e4 Be7 26. Nc4 Nxc4 27. Rxc4 Rc6 28. Be1 Kf7 29. Ra4 Rc7 30. f3 Rb8 31. Bg3 Bd6 32. Rf1 Rb4 33. Ra6 Rb6 34. Ra5 Ke6 35. Bh4 c4 36. Bd8 cxb3 37. Bxc7 Bxc7 38. axb3 Rxb3 39. Rxa7 Bb6 40. Ra6 d3+ 41. Rxb6+ Rxb6 42. Rd1 Rb3 43. Kf2 Rb2+ 44. Kf1 Rb3 45. Ke1 Rb2 46. Rd2 Rb1+ 47. Kf2 Rb3 48. Ke3 Kf6 49. Rxd3 Rb2 50. Rd2 Rb3+ 51. Kf2 g6 52. h4 h5 53. Rd6+ Kg7 54. Re6 Rb5 55. Kg3 Kf7 56. Rd6 Rb7 57. Rd3 Rb2 58. Rd5 Kf6 59. Rd6+ Kf7 60. Kh3 Rc2 61. Rd7+ Kf6 62. Rd3 Rc1 63. g3 Rh1+ 64. Kg2 Ra1 65. Rd6+ Kf7 66. f4 Ra2+ 67. Kf3 Ra3+ 68. Kf2 Ra4 69. Ke3 Ra3+ 70. Rd3 exf4+ 71. gxf4 Ra1 72. Kd4 Rh1 73. Ke5 Rxh4 74. Rd7+ Ke8 75. Rg7 Rg4 76. Rh7 h4 77. Ke6 Kf8 78. f5 Rxe4+ 79. Kf6 Kg8 80. fxg6 Ra4 81. Kg5 Ra5+ 82. Kxh4 Rb5 83. Rc7 Ra5 84. Kg4 Rb5 85. Re7 Ra5 86. Rf7 Rb5 87. Kf4 Ra5 88. Re7 Rb5 89. Kg4 Ra5 90. Rf7 Rb5 91. Rf5 Rxf5 92. Kxf5 Kg7 93. Kg5 Kg8 94. Kh6 Kh8 95. Kh5 Kg7 96. Kg5 Kg8 97. Kf4 Kg7 98. Kf5 Kg8 99. Ke6 Kg7 100. Kf5 Kg8 101. Kf6 Kf8 102. g7+ Kg8 103. Kg6 1/2-1/2


[Site "https://www.chess.com"]

[Event "Titled Tuesday Blitz January 17 Early 2023"]
[White "Fernandez Garcia, Gumersindo"]
[Black "Sihite, Chelsie Monica Ignesias"]
[WhiteFideId "24516740"]
[BlackFideId "7101198"]
[WhiteElo "2160"]
[BlackElo "2266"]
[Result "0-1"]
[Round "09"]
[TimeControl "180+2"]
[Date "2023.01.17"]
[WhiteClock "0:00:04"]
[BlackClock "0:00:21"]

1. e4 e5 2. Nf3 Nc6 3. d4 exd4 4. Bc4 Bc5 5. c3 Nf6 6. e5 d5 7. Bb5 Ne4 8. cxd4 Bb4+ 9. Nbd2 O-O 10. O-O Bxd2 11. Bxd2 Bg4 12. Be3 f6 13. Be2 Bxf3 14. Bxf3 fxe5 15. Bxe4 dxe4 16. d5 Ne7 17. Qb3 Nf5 18. Rac1 b6 19. d6+ Kh8 20. dxc7 Qd3 21. Rfd1 Qe2 22. Qc4 Qxc4 23. Rxc4 Rac8 24. Rd7 Kg8 25. h3 Rf7 26. Rd8+ Rf8 27. Bg5 h6 28. Rxf8+ Kxf8 29. Bd8 Nd6 30. Rc6 Nf7 31. Re6 Nxd8 32. cxd8=Q+ Rxd8 33. Rxe5 Rd2 34. Rxe4 Rxb2 35. Ra4 a5 36. g3 Kf7 37. Kg2 Kf6 38. Kf3 Ke5 39. h4 Kd5 40. g4 Ke5 41. h5 Rc2 42. Kg3 Rc3+ 43. f3 Rc2 44. Ra3 Kd5 45. f4 Ke4 46. Ra4+ Kd5 47. g5 Ke6 48. Re4+ Kf7 49. a4 Rb2 50. Kg4 Rb4 51. Kf5 b5 52. axb5 Rxb5+ 53. Kg4 hxg5 54. Re1 Rb4 55. Kxg5 a4 56. f5 Rb2 57. Rc1 Rb7 58. Rc6 Ra7 59. Rc3 a3 60. Rc1 a2 61. Ra1 Ra4 62. h6 gxh6+ 63. Kxh6 Kf6 64. Kh5 Kxf5 65. Kh6 Ke4 66. Kg6 Kd3 67. Kf5 Kc2 68. Ke5 Kb2 69. Re1 a1=Q 70. Rxa1 Kxa1 0-1


[Site "https://www.chess.com"]

[Event "Titled Tuesday Blitz January 17 Early 2023"]
[White "Sreyas Payyappat"]
[Black "Yelisieiev, Yevhenii"]
[WhiteFideId "46674969"]
[BlackFideId "14139642"]
[WhiteElo "2076"]
[BlackElo "2418"]
[Result "0-1"]
[Round "09"]
[TimeControl "180+2"]
[Date "2023.01.17"]
[WhiteClock "0:00:32"]
[BlackClock "0:00:47"]

1. e4 d6 2. d4 Nf6 3. Nc3 e5 4. dxe5 dxe5 5. Qxd8+ Kxd8 6. Bg5 c6 7. O-O-O+ Ke8 8. f4 Nbd7 9. Nf3 h6 10. Bxf6 gxf6 11. f5 Bb4 12. Bd3 Bxc3 13. bxc3 Rg8 14. Rhg1 Ke7 15. g4 Nc5 16. h4 Bd7 17. Kd2 Rg7 18. g5 hxg5 19. hxg5 fxg5 20. Nxe5 Rd8 21. Rdf1 f6 22. Ng6+ Kd6 23. Ke3 Rh7 24. Rh1 Rxh1 25. Rxh1 Be8 26. Rh8 Kc7 27. Nf8 Bf7 28. a3 Nd7 29. Ng6 Bxg6 30. Rxd8 Kxd8 31. fxg6 Ke7 32. Bc4 Kf8 33. Be6 Ne5 34. Kd4 b6 35. Bf5 Kg7 36. a4 Nxg6 37. a5 bxa5 38. Kc5 Ne5 39. Bh3 g4 40. Bg2 Kg6 41. Bf1 Kg5 42. Kd4 Kf4 0-1


[Site "https://www.chess.com"]

[Event "Titled Tuesday Blitz January 17 Early 2023"]
[White "Manukian, Artak"]
[Black "Aizpurua, Patrick Emilio"]
[WhiteFideId "13301373"]
[BlackFideId "6600522"]
[WhiteElo "2196"]
[BlackElo "2304"]
[Result "1-0"]
[Round "09"]
[TimeControl "180+2"]
[Date "2023.01.17"]
[WhiteClock "0:01:12"]
[BlackClock "0:01:03"]

1. e4 c5 2. Nf3 e6 3. c3 d5 4. e5 Nc6 5. d4 Qb6 6. a3 c4 7. Nbd2 Na5 8. g3 Ne7 9. Bh3 Bd7 10. O-O h6 11. Re1 O-O-O 12. Nf1 Kb8 13. Rb1 Qc7 14. Be3 g5 15. Bg2 Nf5 16. g4 Nxe3 17. fxe3 Bg7 18. Ng3 Rhg8 19. Nh5 Bh8 20. Rf1 Be8 21. Nd2 f5 22. exf6 Bxh5 23. gxh5 Rdf8 24. e4 Bxf6 25. e5 Bd8 26. Bh3 Rxf1+ 27. Qxf1 g4 28. Bg2 Bg5 29. Qe2 Bxd2 30. Qxd2 Qg7 31. Rf1 g3 32. h3 Qg5 33. Qxg5 Rxg5 34. Rf6 Rxh5 35. Rxe6 Nb3 36. Rg6 Nc1 37. Bf3 Rxh3 38. e6 Kc7 39. e7 Kd7 40. Bg4+ 1-0


[Site "https://www.chess.com"]

[Event "Titled Tuesday Blitz January 17 Early 2023"]
[White "Mohamed Anees M"]
[Black "Valle Maytin, Luis Enrique"]
[WhiteFideId "35065815"]
[BlackFideId "3503666"]
[WhiteElo "2315"]
[BlackElo "2241"]
[Result "0-1"]
[Round "09"]
[TimeControl "180+2"]
[Date "2023.01.17"]
[WhiteClock "0:01:11"]
[BlackClock "0:00:49"]

1. e4 c6 2. d4 d5 3. e5 c5 4. dxc5 e6 5. Nf3 Bxc5 6. a3 Ne7 7. b4 Bb6 8. Bd3 Ng6 9. O-O O-O 10. Bb2 a5 11. Nbd2 axb4 12. axb4 Rxa1 13. Bxa1 Nf4 14. Nb3 Nxd3 15. Qxd3 Nc6 16. b5 Ne7 17. Bd4 Bc7 18. Bc5 Re8 19. Bxe7 Qxe7 20. Nbd4 Bd7 21. Ra1 Bb6 22. c4 dxc4 23. Qxc4 Rc8 24. Qd3 h6 25. h3 Qc5 26. Rb1 Rd8 27. Qe4 Bc8 28. Rd1 Qc7 29. Qf4 Bd7 30. Rc1 Qb8 31. Qe4 Be8 32. Rc2 Rd5 33. Rb2 Qc7 34. Kh2 Bxd4 35. Nxd4 Qxe5+ 36. Qxe5 Rxe5 37. b6 Rd5 38. Rb4 Kf8 39. f4 Ke7 40. Kg3 Bd7 41. Kf3 Kd6 42. Rc4 Rc5 43. Rb4 Rc3+ 44. Kf2 Kc5 45. Rb1 Kxd4 46. Rd1+ Rd3 0-1


[Site "https://www.chess.com"]

[Event "Titled Tuesday Blitz January 17 Early 2023"]
[White "Omelja, Artem"]
[Black "Gurevich, Dmitry"]
[WhiteFideId "14119846"]
[BlackFideId "2000407"]
[WhiteElo "2446"]
[BlackElo "2393"]
[Result "1-0"]
[Round "09"]
[TimeControl "180+2"]
[Date "2023.01.17"]
[WhiteClock "0:00:15"]
[BlackClock "0:00:03"]

1. e4 c5 2. Nf3 d6 3. Bb5+ Bd7 4. Bxd7+ Qxd7 5. O-O Nc6 6. Re1 Nf6 7. c3 e6 8. a4 Be7 9. Na3 O-O 10. Nc4 d5 11. exd5 Qxd5 12. Nce5 Nxe5 13. Rxe5 Qc6 14. d4 Rad8 15. Be3 Ng4 16. Rh5 g6 17. Rh3 cxd4 18. Nxd4 Nxe3 19. Rxe3 Qd5 20. Qe2 Bc5 21. Re5 Qd6 22. Nf3 a5 23. h4 b6 24. h5 Qd3 25. Re1 Qxe2 26. R5xe2 Kg7 27. hxg6 hxg6 28. g3 Rd5 29. Kg2 Rfd8 30. Re5 Kf6 31. Rxd5 Rxd5 32. Re2 Rd1 33. Nd2 Ke7 34. Ne4 Rb1 35. Kf3 e5 36. Nxc5 bxc5 37. Rxe5+ Kd6 38. Re2 Ra1 39. Kf4 f6 40. Re4 Rb1 41. Re2 Ra1 42. Rd2+ Ke6 43. b3 Rb1 44. c4 Rxb3 45. Rd5 Rb4 46. Rxc5 Rxa4 47. Rc6+ Ke7 48. Ke4 Ra2 49. f4 Re2+ 50. Kd5 Rd2+ 51. Ke4 Rd6 52. Rc7+ Rd7 53. Rc8 Ra7 54. Kd5 a4 55. Rb8 a3 56. Rb1 a2 57. Ra1 Kd7 58. Kc5 f5 59. Kb6 Ra3 60. c5 Rb3+ 61. Ka5 Rb2 62. Ka4 Kc6 63. Ka3 Rg2 64. Kb4 Rb2+ 65. Kc3 Rg2 66. Kd4 Rd2+ 67. Kc3 Rg2 68. Kc4 Rc2+ 69. Kd3 Rg2 70. Kd4 Rc2 71. Ke5 Rxc5+ 72. Kf6 Rc3 73. Kxg6 Rxg3+ 74. Kxf5 Rg2 75. Ke6 Kb5 76. f5 Kb4 77. f6 Kb3 78. Rf1 Rf2 79. Rxf2 a1=Q 80. f7 Qa6+ 81. Kf5 Qb5+ 82. Kg6 Qb6+ 83. Rf6 Qf2 84. Rxf2 1-0


[Site "https://www.chess.com"]

[Event "Titled Tuesday Blitz January 17 Early 2023"]
[White "Hamley, Ryan"]
[Black "Rosenberg, Evan S"]
[WhiteFideId "30959497"]
[BlackFideId "2019299"]
[WhiteElo "2092"]
[BlackElo "1956"]
[Result "1/2-1/2"]
[Round "09"]
[TimeControl "180+2"]
[Date "2023.01.17"]
[WhiteClock "0:00:45"]
[BlackClock "0:00:13"]

1. d4 d5 2. c4 e6 3. Nf3 c5 4. cxd5 exd5 5. g3 Nf6 6. Bg2 Nc6 7. O-O Be7 8. Nc3 O-O 9. h3 h6 10. Bf4 c4 11. Ne5 Be6 12. Re1 Rc8 13. Kh2 Re8 14. Nxc6 bxc6 15. e4 dxe4 16. Nxe4 Nxe4 17. Bxe4 Bd5 18. Qc2 Bf6 19. Bf5 Be6 20. Bxe6 Rxe6 21. Rxe6 fxe6 22. Qxc4 Qd5 23. Qa4 Bxd4 24. Rd1 c5 25. Be3 e5 26. Bxd4 exd4 27. Qxa7 Qf3 28. Rd2 Re8 29. Qa3 Qxa3 30. bxa3 Ra8 31. Rc2 Ra5 32. Kg2 Rxa3 33. Rxc5 Rxa2 34. Rd5 Rd2 35. Kf3 Kf7 36. Ke4 Rxf2 37. Rxd4 Rf1 38. Ra4 Rf6 39. h4 Rf1 40. h5 Kf6 41. Ra6+ Kf7 42. Ra7+ Kf6 43. Ra6+ Kf7 44. Ke5 Re1+ 45. Kf4 Rf1+ 46. Kg4 Rf6 47. Ra7+ Kg8 48. Kh4 Rf7 49. Ra8+ Rf8 50. Ra7 Rf7 51. Ra8+ Rf8 52. Ra6 Rf7 53. g4 Rf8 54. Ra7 Rf7 55. Ra8+ Rf8 56. Ra6 Rf7 57. g5 hxg5+ 58. Kxg5 Kh7 59. Rb6 Rf1 60. Rb7 Rg1+ 61. Kh4 Rh1+ 62. Kg4 Rg1+ 63. Kh4 Rh1+ 64. Kg4 Rg1+ 65. Kh4 1/2-1/2


[Site "https://www.chess.com"]

[Event "Titled Tuesday Blitz January 17 Early 2023"]
[White "Degenbaev, Aziz"]
[Black "Odegov, Artem"]
[WhiteFideId "13802640"]
[BlackFideId "34183644"]
[WhiteElo "2203"]
[BlackElo "2261"]
[Result "0-1"]
[Round "09"]
[TimeControl "180+2"]
[Date "2023.01.17"]
[WhiteClock "0:00:01"]
[BlackClock "0:00:18"]

1. e4 e6 2. d4 d5 3. Nc3 Bb4 4. e5 c5 5. a3 Bxc3+ 6. bxc3 Ne7 7. Nf3 Qa5 8. Bd2 Nbc6 9. a4 c4 10. Be2 O-O 11. O-O f6 12. exf6 Rxf6 13. Qb1 Qc7 14. Re1 Bd7 15. Qc1 Raf8 16. Qa3 Ng6 17. Bf1 e5 18. dxe5 Ncxe5 19. Nxe5 Nxe5 20. f4 Ng4 21. a5 Bc6 22. Qe7 Bd7 23. h3 R6f7 24. Qb4 Nh6 25. Re7 Nf5 26. Re5 Bc6 27. Rae1 h6 28. g4 Nh4 29. Kf2 d4 0-1


[Site "https://www.chess.com"]

[Event "Titled Tuesday Blitz January 17 Early 2023"]
[White "Lehtosaari, Mauri"]
[Black "Zemlyanskii, Ivan"]
[WhiteFideId "501999"]
[BlackFideId "24249971"]
[WhiteElo "2176"]
[BlackElo "2300"]
[Result "0-1"]
[Round "09"]
[TimeControl "180+2"]
[Date "2023.01.17"]
[WhiteClock "0:00:07"]
[BlackClock "0:00:32"]

1. d4 Nf6 2. Nf3 d5 3. Bg5 Ne4 4. Bf4 c5 5. e3 Qb6 6. Nc3 Nxc3 7. bxc3 c4 8. a4 Qa5 9. Qd2 Nc6 10. e4 e6 11. Be2 Be7 12. O-O dxe4 13. Ne5 Nxe5 14. Bxe5 O-O 15. Bxc4 Bd7 16. f3 Rac8 17. Bb3 e3 18. Qxe3 Qxc3 19. Qxc3 Rxc3 20. d5 Rc5 21. Bd4 Ra5 22. dxe6 Bxe6 23. Bxe6 fxe6 24. Rfe1 Kf7 25. c3 Rc8 26. Re4 Bf6 27. Kf2 e5 28. Be3 Rxc3 29. Rb1 Rc2+ 30. Kg3 b6 31. Rd1 Ra2 32. Rd7+ Ke6 33. Rb7 R2xa4 34. Rxa4 Rxa4 35. f4 exf4+ 36. Bxf4 h5 37. Bb8 Be5+ 38. Bxe5 Kxe5 39. Rxg7 Rg4+ 40. Rxg4 hxg4 41. Kxg4 a5 0-1


[Site "https://www.chess.com"]

[Event "Titled Tuesday Blitz January 17 Early 2023"]
[White "Santos Flores, Alberto"]
[Black "Shipov, Sergei"]
[WhiteFideId "3601234"]
[BlackFideId "4113624"]
[WhiteElo "2164"]
[BlackElo "2541"]
[Result "1-0"]
[Round "09"]
[TimeControl "180+2"]
[Date "2023.01.17"]
[WhiteClock "0:00:10"]
[BlackClock "0:00:03"]

1. e4 e6 2. d4 d5 3. Nc3 Bb4 4. e5 c5 5. a3 Ba5 6. b4 cxd4 7. Nb5 Bc7 8. Nf3 Nc6 9. Nxc7+ Qxc7 10. Bf4 Nge7 11. Bg3 Ng6 12. Bd3 Ncxe5 13. Nxe5 Nxe5 14. O-O f6 15. Qh5+ Qf7 16. Qe2 Nxd3 17. Qxd3 O-O 18. Qxd4 e5 19. Qd3 Be6 20. f4 e4 21. Qd2 Qg6 22. Bf2 b6 23. Bd4 Bd7 24. a4 Rfc8 25. c3 Rc4 26. Qf2 a5 27. b5 Qe8 28. Rfc1 Qc8 29. Qe3 h6 30. Bxb6 Kh7 31. Bd4 Qb7 32. Rd1 Rac8 33. h3 Be6 34. Qf2 Qc7 35. f5 Bf7 36. Re1 Qd6 37. Re3 Be8 38. Qg3 Qxg3 39. Rxg3 Bd7 40. Bb6 Bxf5 41. Bxa5 Ra8 42. Bb4 d4 43. a5 Bd7 44. b6 Bc8 45. Rb1 d3 46. Re3 Bb7 47. g4 g6 48. Kf2 Kg7 49. Rf1 Kf7 50. Ke1 Ke6 51. Kd2 Rac8 52. Rfe1 f5 53. gxf5+ gxf5 54. Rxd3 Ke5 55. Bd6+ Kf6 56. Rde3 Ra4 57. Bb4 f4 58. Rxe4 Ra2+ 59. Kd3 Bxe4+ 60. Rxe4 Kf5 61. Re7 Rd8+ 62. Kc4 f3 63. Rf7+ Ke4 64. b7 Ke3 65. Kb5 f2 66. a6 Ke2 67. Kb6 Re8 68. Rxf2+ Kxf2 69. a7 1-0


[Site "https://www.chess.com"]

[Event "Titled Tuesday Blitz January 17 Early 2023"]
[White "Mayank Chakraborty"]
[Black "Makhnev, Denis"]
[WhiteFideId "25659766"]
[BlackFideId "13707647"]
[WhiteElo "2025"]
[BlackElo "2483"]
[Result "1/2-1/2"]
[Round "09"]
[TimeControl "180+2"]
[Date "2023.01.17"]
[WhiteClock "0:00:06"]
[BlackClock "0:00:04"]

1. e4 c6 2. d4 d5 3. exd5 cxd5 4. Bd3 Nc6 5. c3 Nf6 6. Bf4 Bg4 7. Qb3 Qd7 8. Nd2 e6 9. Ngf3 Bxf3 10. Nxf3 Bd6 11. Bxd6 Qxd6 12. Qxb7 Rb8 13. Qa6 O-O 14. O-O Rb6 15. Qa3 Qxa3 16. bxa3 Rc8 17. Rab1 Na5 18. Rxb6 axb6 19. Rc1 Kf8 20. Ne5 Ke7 21. Kf1 Nd7 22. Nxd7 Kxd7 23. Bb5+ Kd6 24. Ke2 Nc4 25. a4 Na3 26. Bd3 Ra8 27. h4 h6 28. Bc2 Nxc2 29. Rxc2 Rxa4 30. Kd3 Ra3 31. Rb2 Kc6 32. h5 b5 33. Kd2 f6 34. f4 b4 35. cxb4 Kb5 36. Rc2 Kxb4 37. Ke2 f5 38. Rc6 Rxa2+ 39. Kf3 Ra3+ 40. Kf2 Rd3 41. Rxe6 Rxd4 42. g3 Kc3 43. Re5 Rd2+ 44. Kf3 Rd3+ 45. Ke2 Rxg3 46. Rxd5 Rh3 47. Rxf5 Kd4 48. Re5 Rg3 49. Kf2 Ra3 50. Re7 Rh3 51. Re5 Ra3 52. Kg2 Rb3 53. Kf2 Ra3 1/2-1/2


[Site "https://www.chess.com"]